 Dungeon Crawl Stone Soup version 0.27.0-66-gdc8fb28755 (webtiles) character file.

Game seed: 13756643458162121412

389 Spectrina the Covert (level 6, -23/36 HPs)
             Began as a Vampire Delver on Aug 20, 2021.
             Was an Initiate of Wu Jian.
             Annihilated by an ogre (32 damage)
             ... on level 5 of the Dungeon.
             The game lasted 00:06:34 (830 turns).

Spectrina the Covert (Vampire Delver)                Turns: 830, Time: 00:06:35

Health: -23/36     AC:  4    Str: 11    XL:     6   Next: 50%
Magic:  6/6        EV: 12    Int: 13    God:    Wu Jian [......]
Gold:   99         SH:  0    Dex: 17    Spells: 5/5 levels left

rFire    . . .     SeeInvis +   v - +1 dagger (elec)
rCold    + + .     Faith    .   (no shield)
rNeg     + + +     Spirit   .   b - +0 leather armour
rPois    ∞         Reflect  .   (no helmet)
rElec    .         Harm     .   w - +0 cloak
rCorr    .         Rampage  .   (no gloves)
Will     .....                  (no boots)
Stlth    +++++++...             (no amulet)
HPRegen  0.00/turn              (no ring)
MPRegen  0.10/turn              (no ring)

@: flying, bloodless, inhibited regen
A: bloodless, fangs 3, see invisible, vampiric 2
a: Bat Form, Revivify, Renounce Religion


You were on level 5 of the Dungeon.
You worshipped Wu Jian.
Wu Jian was noncommittal.
You visited 1 branch of the dungeon, and saw 4 of its levels.

You collected 99 gold pieces.

Inventory:

Hand Weapons
 a - a +0 short sword
 k - a +0 dagger
 r - a +0 falchion
 v - a +1 dagger of electrocution (weapon)
 y - a +0 quarterstaff
Missiles
 j - 5 stones (quivered)
 p - 21 poisoned darts
 s - 3 boomerangs
Armour
 b - a +0 leather armour (worn)
 w - a +0 cloak (worn)
Wands
 g - a wand of digging (3)
 i - a wand of acid (4)
Scrolls
 c - a scroll of fog
 d - a scroll of magic mapping
 e - a scroll of fear
 h - a scroll of silence {unknown}
 o - a scroll of vulnerability {unknown}
 q - a scroll of identify {unknown}
 u - a scroll of teleportation {unknown}
 x - a scroll of enchant armour {unknown}
Potions
 f - a potion of haste
 t - a potion of invisibility {unknown}


   Skills:
 - Level 2.6 Fighting
 + Level 3.5 Short Blades
 - Level 2.1 Dodging
 + Level 11.8 Stealth


You had 5 spell levels left.
You didn't know any spells.
Your spell library was empty.

Dungeon Overview and Level Annotations

Branches:
Dungeon (6/15)             Temple (0/1) D:5

Altars:
Fedhas
Nemelex Xobeh
Qazlal
Wu Jian


Innate Abilities, Weirdness & Mutations

You do not regenerate when monsters are visible.
You are frail without blood (-20% HP).
You can heal yourself when you bite living creatures.
You are immune to poison.
You have razor-sharp teeth.
You have supernaturally acute eyesight. (SInv)
You are afflicted with vampirism and can become a bat while bloodless.


Message History

The centaur zombie closely misses you.
You hit the centaur zombie.
The centaur zombie is heavily damaged.
The centaur zombie hits you.
The centaur zombie kicks you but does no damage.
You hit the centaur zombie.
The centaur zombie is severely damaged.
The centaur zombie hits you but does no damage.
The centaur zombie barely misses you.
You hit the centaur zombie.
Lightning courses through the centaur zombie!
You destroy the centaur zombie!
The Council accepts your kill.
It was a potion of flight.
You feel very buoyant.
You fly up into the air.
Unknown command.
It was a potion of curing.
You feel better. The ogre closely misses you.
Unknown command.
You hit the ogre.
The ogre is lightly wounded.
The ogre hits you with a +0 giant club!!
Ouch! That really hurt!
* * * LOW HITPOINT WARNING * * *
Unknown command.
It was a potion of heal wounds.
You feel much better. The ogre barely misses you.
You hit the ogre.
The ogre is moderately wounded.
You hit the ogre.
The ogre is moderately wounded.
The ogre hits you with a +0 giant club!
* * * LOW HITPOINT WARNING * * *
You hit the ogre.
The ogre is heavily wounded.
You barely miss the ogre.
The ogre is heavily wounded.
The ogre hits you with a +0 giant club!!
Ouch! That really hurt!
You die...

#....###.# # ##.#.# .#
.# #.#>###.## ..#
#.#.##...##..#
#......#.....#
.......##...#
####.#####..###.####
#.# #.......... #@#
#..##.##.# . #O#
#........#.. #Z#
#..##.#....#
#.#####.....#.##..
#...O....##......#
#S..............##.>..
#.##########..#.†..O.#
#..#.#.##.. #....# ..


You could see an ogre and a centaur zombie.

Vanquished Creatures
  An ice beast (D:5)
  3 scorpions
  A centaur zombie (D:5)
  2 orc wizards (D:4)
  An adder (D:4)
  A shadow imp (D:5)
  8 orcs
  An endoplasm (D:3)
  A giant cockroach (D:4)
  A goblin (D:3)
  A kobold (D:4)
  A quokka (D:4)
  2 ball pythons (D:3)
24 creatures vanquished.

Notes
Turn   | Place    | Note
-------+----------+-------------------------------------------
     0 | D:5      | Spectrina the Vampire Delver began the quest for the Orb.
     0 | D:5      | Reached XP level 1. HP: 17/17 MP: 1/1
    41 | D:5      | Noticed an ice beast
    50 | D:4      | Reached XP level 2. HP: 10/18 MP: 2/2
    78 | D:4      | Reached skill level 8 in Stealth
    90 | D:4      | Reached skill level 9 in Stealth
    90 | D:4      | Gained mutation: You are afflicted with vampirism and can
                  | become a bat while bloodless. [Vampire growth]
    90 | D:4      | Reached XP level 3. HP: 11/22 MP: 3/3
   160 | D:4      | Noticed a scorpion
   167 | D:4      | Killed a scorpion
   168 | D:4      | Reached skill level 10 in Stealth
   168 | D:4      | Reached XP level 4. HP: 19/27 MP: 4/4
   377 | D:4      | Reached XP level 5. HP: 10/31 MP: 5/5
   416 | D:3      | Found an ornate altar of the Wu Jian Council.
   433 | D:3      | Became a worshipper of the Wu Jian Council
   453 | D:3      | Found a faded altar of an unknown god.
   493 | D:4      | Found a blossoming altar of Fedhas.
   494 | D:4      | Found a stormy altar of Qazlal.
   573 | D:3      | Found a sparkling altar of Nemelex Xobeh.
   626 | D:3      | Reached skill level 11 in Stealth
   781 | D:5      | Killed an ice beast
   782 | D:5      | Reached XP level 6. HP: 36/36 MP: 6/6
   793 | D:5      | Found a staircase to the Ecumenical Temple.
   825 | D:5      | HP: 1/36 [ogre (29)]
   830 | D:5      | Annihilated by an ogre

Illustrated notes

Levels and vault maps discovered:
D:3:      kennysheep_goblin_castle, layout_basic,
          nemelex_xobeh_ov_fountains_minmay, nicolae_wu_jian_wuxing_cycle,
          shapermc_ecumenical_altar_gd
D:4:      layout_basic, grunt_temple_overflow_forces_of_nature
D:5:      layout_loops_ring, tgw_kikubaaqudgha,
          nicolae_hepliaklqana_monster_ancestors, minmay_temple_entry_ruins
D:6:      layout_basic, nicolae_tso_swordbearing_angel, minmay_misc_feat_tower,
          lemuel_flamethrower_2

Skill      XL: |  1  2  3  4  5 |
---------------+----------------+-----
Stealth        | 9 10 11 | 11.8
Short Blades   | 3 |  3.5
Fighting       | |  2.6
Dodging        | |  2.1

Action                   |  1- 3 |  4- 6 || total
-------------------------+-------+-------++-------
Melee: Short sword       |    20 |       ||    20
       Bite              |     1 |     3 ||     4
       Dagger            |     1 |    54 ||    55
Invok: Lunge             |       |     7 ||     7
 Abil: Exsanguinate      |     1 |       ||     1
Evoke: Wand              |     2 |       ||     2
  Use: Potion            |       |     3 ||     3
 Stab: Sleeping          |     2 |    10 ||    12
Armor: Leather armour    |     2 |    13 ||    15
Dodge: Dodged            |     9 |    29 ||    38
